 Dungeon Crawl Stone Soup version 0.28-a0-769-g550dbda0cd (webtiles) character file.

Game seed: 1191530298011925450

45 willcat the Sneak (level 3, -1/33 HPs)
             Began as a Ghoul Delver on Oct 31, 2021.
             Slain by a hound (3 damage)
             ... on level 5 of the Dungeon.
             The game lasted 00:00:40 (710 turns).

willcat the Sneak (Ghoul Delver)                     Turns: 710, Time: 00:00:40

Health: -1/33      AC:  3    Str: 16    XL:     3   Next: 64%
Magic:  2/2        EV: 11    Int:  5    God:
Gold:   19         SH:  0    Dex: 10    Spells: 2/2 levels left

rFire   . . .      SeeInvis .     - Unarmed
rCold   + . .      Faith    .   (no shield)
rNeg    + + +      Spirit   .   a - +0 leather armour
rPois   ∞          Reflect  .   (no helmet)
rElec   .          Harm     .   (no cloak)
rCorr   .          Rampage  .   (no gloves)
Will    .....                   (no boots)
Stlth   +++.......              (no amulet)
HPRegen 0.00/turn               (no ring)
MPRegen 0.08/turn               (no ring)

@: inhibited regen
A: claws 1, cold resistance 1, negative energy resistance 3, inhibited
regeneration, torment resistance 2
a: no special abilities


You were on level 5 of the Dungeon.
You visited 1 branch of the dungeon, and saw 2 of its levels.

You collected 19 gold pieces.

Inventory:

Armour
 a - a +0 leather armour (worn)
Wands
 f - a wand of digging (3)
Scrolls
 b - a scroll of fog
 c - a scroll of magic mapping
 d - a scroll of fear
Potions
 e - a potion of haste


   Skills:
 + Level 3.9 Fighting
 + Level 2.4 Dodging
 - Level 5.4 Stealth
 + Level 3.0 Unarmed Combat


You had 2 spell levels left.
You didn't know any spells.
Your spell library was empty.

Dungeon Overview and Level Annotations

Branches:
Dungeon (6/15)
 Temple: D:4-7

Altars:


Innate Abilities, Weirdness & Mutations

You thrive by killing the living.
You are immune to poison.
You have sharp fingernails.
Your flesh is cold resistant. (rC+)
You are immune to negative energy. (rN+++)
You do not regenerate when monsters are visible.
You are immune to unholy pain and torment.


Message History

You kill the hound!
The hound bites you but does no damage.
Your Unarmed Combat skill increases to level 3!
You have reached level 3!
Your experience leads to an increase in your attributes!
Increase (S)trength, (I)ntelligence, or (D)exterity?
You feel stronger.
You miss the hound. The hound bites you.
You closely miss the hound. The hound misses you.
You scratch the hound but do no damage. The hound barely misses you.
The hound bites you.
* * * LOW HITPOINT WARNING * * *
You scratch the hound but do no damage. The hound bites you but does no damage.
You closely miss the hound. The hound bites you.
* * * LOW HITPOINT WARNING * * *
The hound bites you.
* * * LOW HITPOINT WARNING * * *
You miss the hound. The hound closely misses you.
The orc shouts!
You scratch the hound. Your claw misses the hound.
The hound is lightly wounded.
The hound closely misses you. The hound bites you.
* * * LOW HITPOINT WARNING * * *
You scratch the hound.
The hound is moderately wounded.
The hound barely misses you.
You closely miss the hound.
The hound is moderately wounded.
The hound completely misses you. The hound bites you but does no damage.
You barely miss the hound.
The hound is lightly wounded.
The hound bites you but does no damage.
Unknown command.
You scratch the hound but do no damage.
The hound is lightly wounded.
The hound closely misses you. The hound misses you.
Unknown command.
The hound bites you but does no damage. The hound bites you.
You die...

..<...........#
..............####
###+###..........#
#..!.......+
#..........#
+..........#
##†##.##...#
##.##.##...#
#..o.h@....#
#.#.##.##...#
#.#.##.##...# .# .
#.##.##..####.##
#.
#.##.###.###...# #
#.##.# #..##...#
..##.# ##.##...#
.# #.####..#...#
#.......#...# ###


You could see a hound and an orc.

Vanquished Creatures
  A hound (D:5)
  An adder (D:6)
  A white imp (D:6)
3 creatures vanquished.

Notes
Turn   | Place    | Note
-------+----------+-------------------------------------------
     0 | D:5      | willcat the Ghoul Delver began the quest for the Orb.
     0 | D:5      | Reached XP level 1. HP: 19/19 MP: 0/0
    48 | D:6      | Reached XP level 2. HP: 2/26 MP: 1/1
   696 | D:5      | Reached XP level 3. HP: 14/33 MP: 2/2
   710 | D:5      | Slain by a hound

Illustrated notes

Levels and vault maps discovered:
D:5:      layout_basic, minmay_temple_entry_hall
D:6:      layout_cave_pods, palyth_temple_overflow_mages,
          mainiacjoe_overflow_small_starburst, grunt_ministairs_6

Skill      XL: |  1  2 |
---------------+-------+-----
Dodging        | 2 |  2.4
Unarmed Combat | 3 |  3.0
Fighting       | |  3.9
Stealth        | |  5.4

Action                   || total
-------------------------++-------
Melee: Unarmed           ||    40
 Stab: Sleeping          ||     1
Armor: Leather armour    ||     6
Dodge: Dodged            ||    23

Table legend: (Time is in decaauts)
 A = Elapsed time spent in this place.
 B = Non-inter-level travel time spent in this place.
 C = Inter-level travel time spent in this place.
 D = Time resting spent in this place.
 E = Time spent auto-exploring this place.
 F = Levels seen in this place.
 G = Mean time per level.
                   A        B        C        D        E       F      G
               +--------+--------+--------+--------+--------+-----+--------+
         Total |    708 |    701 |      7 |    268 |    347 |   2 |  354.0 |
       Dungeon |    708 |    701 |      7 |    268 |    347 |   2 |  354.0 |
               +--------+--------+--------+--------+--------+-----+--------+

Top non-repeatable levels by time:
     D:6: 615 daAuts
     D:5: 93 daAuts
